cohdb
Replays
Latest Replays
All Replays
Popular Replays
Top Player Replays
Match Explorer
How It Works
Community
CoH3 Stats
Reddit
Sign in to upload your games and track your stats! →
Sign in with Steam
Match 38902518
Unlisted
Match 38902518
Overview
Messages
Build Orders
End
Selects Italian Combined Arms Battlegroup
Selects Bersaglieri Squad
Bersaglieri Squad
Kradschützen Motorcycle Team
Bersaglieri Squad
Panzerpioneer Squad
Bersaglieri Squad
Construct Light Support Kompanie
Fire Support Elements
2.5-tonne Medical Truck
Pak 38 Mechanized Group
Forward Retreat Point
Construct Panzerarmee Kommand
Panzer III L Medium Tank
Selects Semovente da 75/18 Assault Gun
Selects Strafing Run
Rapid Advance
Strafing Run
Walking Stuka Rocket Launcher
Strafing Run
Armored Reserves
Strafing Run
Panzer IV Assault Group
Strafing Run
Emergency Repair Kits
Selects Artillery Cover
2.5-tonne Medical Truck
Strafing Run
Selects Bersaglieri Bolster
Selects Breda Model 30 Light Machine Guns
Flakvierling Half-track
Strafing Run
UH|dun! ツ
UH|ck
longshotmiracle
cheunel
0
0
Comments
sign in to comment!
No comments posted yet!